 Dungeon Crawl Stone Soup version 0.27.1-33-g824d729ab1 (webtiles) character file.

Game seed: 4212113071635383011

424 lonewolfV2 the Grave Robber (level 6, -4/50 HPs)
             Began as a Deep Dwarf Necromancer on Dec 14, 2021.
             Killed by an exploding endoplasm (37 damage)
             ... ignited by their inner flame
             ... on level 4 of the Dungeon.
             The game lasted 00:16:33 (3652 turns).

lonewolfV2 the Grave Robber (DDNe)                  Turns: 3652, Time: 00:16:33

Health: -4/50      AC:  3    Str: 12    XL:     6   Next: 64%
Magic:  8/10       EV: 13    Int: 22    God:
Gold:   104        SH:  0    Dex: 14    Spells: 2/12 levels left

rFire    . . .     SeeInvis .   f - +3 war axe (elec)
rCold    . . .     Faith    .   (no shield)
rNeg     . . .     Spirit   .   a - +0 robe
rPois    .         Reflect  .   d - +1 hat
rElec    .         Harm     .   (no cloak)
rCorr    .         Rampage  .   (no gloves)
Will     .....                  (no boots)
Stlth    ++........             (no amulet)
HPRegen  0.00/turn              b - +6 ring of intelligence
MPRegen  0.12/turn              (no ring)

@: no status effects
A: damage resistance, heal wounds, sense surroundings 1, no regeneration
a: Heal Wounds


You were on level 4 of the Dungeon.
You visited 1 branch of the dungeon, and saw 4 of its levels.

You collected 104 gold pieces.

Inventory:

Hand Weapons
 f - a +3 war axe of electrocution (weapon)
Armour
 a - a +0 robe (worn)
 d - a +1 hat (worn)
Jewellery
 b - a +6 ring of intelligence (left hand)
Wands
 g - a wand of iceblast (7)
Scrolls
 c - a scroll of enchant weapon
 h - a scroll of noise
 i - a scroll of immolation
Potions
 j - a potion of lignification
 k - a potion of degeneration
 l - a potion of brilliance
 m - a potion of might


   Skills:
 + Level 0.8 Fighting
 + Level 2.3 Axes
 + Level 3.0 Dodging
 + Level 3.0 Stealth
 + Level 0.5 Unarmed Combat
 + Level 3.7 Spellcasting
 + Level 6.3 Necromancy


You had 2 spell levels left.
You knew the following spells:

 Your Spells              Type           Power      Damage    Failure   Level
a - Pain                  Necr           100%       1d9       1%          1
b - Animate Skeleton      Necr           62%        N/A       1%          1
c - Vampiric Draining     Necr           15%        2d8       2%          3
d - Agony                 Necr           31%        N/A       24%         5

Your spell library contained the following spells:

 Spells                   Type           Power      Damage    Failure   Level
 Animate Dead             Necr           15%        N/A       9%          4
 Airstrike                Air            2%         N/A       75%         4
 Summon Lightning Spire   Summ/Air       4%         N/A       75%         4
 Lightning Bolt           Conj/Air       2%         1d13      97%         5


Dungeon Overview and Level Annotations

Branches:
Dungeon (4/15)
 Temple: D:4-7

Altars:
Dithmenos
Makhleb
Nemelex Xobeh
Ru
Trog
Yredelemnul

Annotations:
D:4 Natasha


Innate Abilities, Weirdness & Mutations

You are resistant to damage.
You can heal yourself by infusing magical energy.
You passively map a small area around you.
You do not regenerate.


Message History

It was a scroll of immolation.
As you read the scroll labelled DUUHUJI KUJIZE, it crumbles to dust.
It is a scroll of amnesia.
Forget Agony, freeing 5 spell levels for a total of 7? [Y]es or [N]o only, please.
Forget Agony, freeing 5 spell levels for a total of 7? [Y]es or [N]o only, please.
Forget Agony, freeing 5 spell levels for a total of 7?
Really abort (and waste the scroll)?
Okay, then.
Natasha, Servant of Life and Death comes into view.
A kobold comes into view. It is wielding a +0 short sword.
Natasha casts a spell at you. The magic dart hits you!
The endoplasm freezes you.
You are frozen.
You see here 11 gold pieces.
An iguana and an adder come into view.
The endoplasm freezes you.
You are frozen.
Casting: Pain (safe; 1% risk of failure)
Confirm with . or Enter, or press ? or * to list all spells.
Aiming: Pain (safe; 1% risk of failure)
Press: ? - help, Shift-Dir - straight line, f - endoplasm
Aim: an endoplasm (inner flame, chance to affect: 93%)
The endoplasm barely resists.
The iguana hisses angrily.
The endoplasm barely misses you.
Natasha mewls in sadness.
Casting: Pain (safe; 1% risk of failure)
Confirm with . or Enter, or press ? or * to list all spells.
Aiming: Pain (safe; 1% risk of failure)
Press: ? - help, Shift-Dir - straight line, f/p - endoplasm
Aim: an endoplasm (inner flame, chance to affect: 93%)
The endoplasm writhes in agony.
Flame seeps out of the endoplasm.
The endoplasm is engulfed in blazing flames.
The endoplasm explodes!
The fiery explosion engulfs you!!!
Ouch! That really hurt!
You die...

.###...##,,,, , *
...###.#.. , ....
.#...#.#... , * #.... , *
.#.#...#.... #.... ,
..†#..##....## #.K.# , ,
, ...#..#......## ...# #
..#..##.......###§..#.#.
.....#.........§○.......
###.##.........$@§.S....
,
....#...................
...##...................
##.##..............hl...
,
.#.##......♣.....####...,
, .#.#.......♣....## ..
.................# .
............♣P...#* , ,
................... ,


You could see an iguana, Natasha, an adder and a kobold.

Vanquished Creatures
  A scorpion (D:2)
  A centaur skeleton (D:3)
  A centaur zombie (D:3)
  Jessica (D:3)
  3 orc wizards (D:4)
  2 scorpion zombies (D:3)
  A hound skeleton (D:4)
  A howler monkey skeleton (D:4)
  3 adders
  2 worms
  5 dart slugs
  3 orcs (D:4)
  4 bats
  11 endoplasms
  7 giant cockroaches
  10 goblins
  5 hobgoblins
  4 kobolds
  4 quokkas
  8 ball pythons
  A ball python zombie (D:3)
  8 rats
86 creatures vanquished.

Vanquished Creatures (collateral kills)
  A hobgoblin (D:1)
1 creature vanquished.

Grand Total: 87 creatures vanquished

Notes
Turn   | Place    | Note
-------+----------+-------------------------------------------
     0 | D:1      | lonewolfV2 the Deep Dwarf Necromancer began the quest for
                  | the Orb.
     0 | D:1      | Reached XP level 1. HP: 15/15 MP: 3/3
   192 | D:1      | Reached XP level 2. HP: 22/22 MP: 0/4
   728 | D:1      | Reached skill level 5 in Necromancy
   806 | D:1      | Learned a level 1 spell: Animate Skeleton
   856 | D:1      | Found a faded altar of an unknown god.
  1031 | D:1      | Reached XP level 3. HP: 25/28 MP: 1/5
  1305 | D:2      | Found a sparkling altar of Nemelex Xobeh.
  1490 | D:2      | Noticed a scorpion
  1500 | D:2      | Killed a scorpion
  1501 | D:2      | Reached XP level 4. HP: 31/36 MP: 2/7
  1672 | D:2      | Learned a level 3 spell: Vampiric Draining
  2543 | D:3      | Noticed Jessica
  2549 | D:3      | Killed Jessica
  2550 | D:3      | Reached XP level 5. HP: 39/42 MP: 4/8
  2788 | D:3      | Reached skill level 1 in Axes
  2802 | D:3      | Reached skill level 6 in Necromancy
  2802 | D:3      | Reached XP level 6. HP: 21/50 MP: 10/10
  2804 | D:3      | Found a basalt altar of Yredelemnul.
  2853 | D:3      | Found a burning altar of Makhleb.
  2854 | D:3      | Noticed a cacodemon
  2903 | D:3      | Learned a level 5 spell: Agony
  2966 | D:3      | Found a sacrificial altar of Ru.
  2967 | D:3      | Found a bloodstained altar of Trog.
  2968 | D:3      | Found a shadowy altar of Dithmenos.
  3648 | D:4      | Noticed Natasha
  3652 | D:4      | Killed by an exploding endoplasm... ignited by their inner
                  | flame

Illustrated notes

Levels and vault maps discovered:
D:1:      co_arrival_square_in_a_square_in_a_square, layout_rooms,
          dilly_ecumenical_altar_fadedgnrine
D:2:      layout_loops_cross, basic_altar
D:3:      layout_basic, nicolae_yredelemnul_corpse_copse,
          makhleb_altar_promises_db, gammafunk_temple_overflow_forgotten,
          uniq_jessica
D:4:      minmay_skewed_foursquare, layout_cave_pools, serial_park,
          serial_park_tiny_2, serial_park_tiny_2, serial_park_avenue1,
          serial_park_tiny_2, uniq_natasha

Skill      XL: |  1  2  3  4  5  6 |
---------------+-------------------+-----
Spellcasting   | 2 3 |  3.7
Necromancy     | 5 6 |  6.3
Axes           | 1 2 |  2.3
Stealth        | 3 |  3.0
Dodging        | 3 |  3.0
Fighting       | |  0.8
Unarmed Combat | |  0.5

Action                   |  1- 3 |  4- 6 || total
-------------------------+-------+-------++-------
Melee: Unarmed           |    43 |       ||    43
       War axe           |     3 |    55 ||    58
 Cast: Pain              |    52 |    69 ||   121
       Animate Skeleton  |     3 |     2 ||     5
       Vampiric Draining |       |     2 ||     2
       Agony             |       |     1 ||     1
 Abil: Heal Wounds       |     3 |     2 ||     5
  Use: Scroll            |       |     9 ||     9
       Potion            |       |     1 ||     1
 Stab: Sleeping          |       |     1 ||     1
Armor: Robe              |    15 |    25 ||    40
Dodge: Dodged            |    40 |    74 ||   114
